 Dungeon Crawl Stone Soup version 0.29.1-15-g9cfb28693d (webtiles) character file.

Game seed: 11720399788388490364

67 croobank the Firebug (level 3, -1/24 HPs)
             Began as a Demonspawn Fire Elementalist on Mar 20, 2023.
             Succumbed to an adder's poison
             ... on level 2 of the Dungeon.
             The game lasted 00:05:03 (2109 turns).

croobank the Firebug (Demonspawn Fire Elementalist) Turns: 2109, Time: 00:05:03

Health: -1/24      AC:  2    Str:  8    XL:     3   Next: 98%
Magic:  2/6        EV: 12    Int: 18    God:
Gold:   152        SH:  0    Dex: 13    Spells: 3/6 levels left

rFire   . . .      SeeInvis .   a - +0 dagger
rCold   . . .      Faith    .   (no shield)
rNeg    . . .      Spirit   .   c - +0 robe
rPois   .          Reflect  .   (helmet restricted)
rElec   .          Harm     .   (no cloak)
rCorr   .          Rampage  .   (no gloves)
Will    .....                   (no boots)
Stlth   ++........              (no amulet)
HPRegen 0.08/turn               (no ring)
MPRegen 0.10/turn               (no ring)

@: lethally poisoned (-1 -> -7), very slightly contaminated
A: horns 1, powered by death 1
a: no special abilities


You were on level 2 of the Dungeon.
You visited 1 branch of the dungeon, and saw 2 of its levels.

You collected 152 gold pieces.

Inventory:

Hand Weapons
 a - a +0 dagger (weapon)
 b - a +0 sling
 g - a +0 short sword
 k - a +0 spear
Armour
 c - a +0 robe (worn)
 e - a +0 ring mail
Scrolls
 d - 3 scrolls of identify {unknown}
 f - a scroll of blinking {unknown}
 h - a scroll of brand weapon {unknown}
 i - 4 scrolls of butterflies {unknown}
 l - a scroll of amnesia {unknown}
 p - a scroll of enchant weapon {unknown}
 q - 2 scrolls of silence {unknown}
Potions
 j - a potion of haste {unknown}
 m - a potion of attraction {unknown}
 n - a potion of invisibility {unknown}


   Skills:
 + Level 2.3 Dodging
 + Level 2.4 Stealth
 + Level 2.4 Spellcasting
 + Level 1.9 Conjurations
 + Level 3.1 Fire Magic


You had 3 spell levels left.
You knew the following spells:

 Your Spells              Type           Power      Damage    Failure   Level
a - Foxfire               Conj/Fire      44%        2x1d6     6%          1
b - Scorch                Fire           26%        2d6       7%          2

Your spell library contained the following spells:

 Spells                   Type           Power      Damage    Failure   Level
 Conjure Flame            Conj/Fire      11%        6-21      19%         3
 Inner Flame              Hex/Fire       7%         N/A       26%         3
 Flame Wave               Conj/Fire      11%        2d6       52%         4


Dungeon Overview and Level Annotations

Branches:
Dungeon (2/15)

Altars:


Innate Abilities, Weirdness & Mutations

You have a pair of small horns on your head.
You regenerate a little health from kills.


Message History

Casting: Scorch (safe; 8% risk of failure)
Confirm with . or Enter, or press ? or * to list all spells.
You conjure some foxfire!
You feel sick. The adder bites you.
You are more poisoned.
The adder poisons you! Magic courses through your body.
You feel sick.
The foxfire hits the goblin.
You kill the goblin!
The adder bites you.
Casting: Foxfire (safe; 6% risk of failure)
Confirm with . or Enter, or press ? or * to list all spells.
You miscast Scorch.
You are very lightly contaminated with residual magic.
Nothing appears to happen.
You feel sick. The adder bites you. The adder misses you.
Casting: Scorch (safe; 7% risk of failure)
Confirm with . or Enter, or press ? or * to list all spells.
Flames lash the adder.
The adder is severely wounded.
The adder's fire resistance burns away.
You feel sick. The adder closely misses you.
You closely miss the adder. Your headbutt misses the adder.
The adder is severely wounded.
You feel sick. The adder completely misses you.
You closely miss the adder.
The adder is severely wounded.
You feel sick. The adder misses you. The adder barely misses you.
You hit the adder.
The adder is almost dead.
You feel sick. The adder bites you.
* * * LOW HITPOINT WARNING * * *
Casting: Scorch (safe; 7% risk of failure)
Confirm with . or Enter, or press ? or * to list all spells.
You conjure some foxfire!
* * * LOW HITPOINT WARNING * * *
You feel sick. The adder closely misses you.
The adder attacks as you move away! The adder bites you.
* * * LOW HITPOINT WARNING * * *
You are more poisoned.
The adder poisons you!
You die...

.....S....#.#####.......#.####..
#......S..#.#####.......#.......
..>.†...)..............#######.
#...#..######.......#####.#.
+...'.g.............+.......
#...#.#.............#####.#.
#...#.#.###v##).....# #.#.
#...#.#ShS..# ......# # #.
#####.####v@##......#####.#.
#.########'####...#..............
#............##.#.####...........
#....................#..........#
#............##......#.........
#............####.##'#.........
#........).....................
#.....................#'###...
..###########...........# .#


You could see an adder (combustible, ally target), a jackal and a ball python.

Vanquished Creatures
  A gnoll (D:1)
  A worm (D:2)
  6 ball pythons
  8 bats
  An endoplasm (D:1)
  2 giant cockroaches (D:1)
  9 goblins
  2 hobgoblins (D:1)
  6 jackals (D:2)
  4 quokkas
  4 kobolds
  A rat (D:2)
45 creatures vanquished.

Vanquished Creatures (others)
  93 foxfires
93 creatures vanquished.

Grand Total: 138 creatures vanquished

Notes
Turn   | Place    | Note
-------+----------+-------------------------------------------
     0 | D:1      | croobank the Demonspawn Fire Elementalist began the quest
                  | for the Orb.
     0 | D:1      | Reached XP level 1. HP: 13/13 MP: 3/3
   432 | D:1      | Gained mutation: You regenerate a little health from kills.
                  | [demonic ancestry]
   432 | D:1      | Reached XP level 2. HP: 19/19 MP: 1/5
   479 | D:1      | Learned a level 2 spell: Scorch
  1114 | D:1      | Reached skill level 3 in Fire Magic
  1114 | D:1      | Gained mutation: You have a pair of small horns on your
                  | head. [demonic ancestry]
  1114 | D:1      | Reached XP level 3. HP: 24/24 MP: 0/6
  1550 | D:1      | Found a faded altar of an unknown god.
  2109 | D:2      | HP: 1/24 [adder (2)]
  2109 | D:2      | Succumbed to an adder's poison

Illustrated notes

Levels and vault maps discovered:
D:1:      lemuel_arrival_tunnels, layout_basic,
          dreamdust_ecumenical_altar_angels_and_demons, solitary_fountain
D:2:      layout_basic

Skill      XL: |  1  2 |
---------------+-------+-----
Stealth        | 2 |  2.4
Dodging        | 2 |  2.3
Fire Magic     | 3 |  3.1
Spellcasting   | |  2.4
Conjurations   | |  1.9

Action                   || total
-------------------------++-------
Melee: Unarmed           ||    11
       Dagger            ||    34
       Punch             ||     1
       Headbutt          ||     2
 Cast: Foxfire           ||    56
       Scorch            ||    16
  Use: Potion            ||     1
Armor: Robe              ||    15
Dodge: Dodged            ||    56
